 Dungeon Crawl Stone Soup version 0.26.1-11-gd32895ea62 (webtiles) character file.

Game seed: 2025539592944125922

110 Descartes the Ducker (level 4, 0/22 HPs)
             Began as a Felid Wanderer on June 29, 2021.
             Slain by an orc wizard
             ... wielding a +0 dagger
              (4 damage)
             ... on level 2 of the Dungeon.
             The game lasted 00:05:08 (4228 turns).

Descartes the Ducker (Felid Wanderer)               Turns: 4228, Time: 00:05:08

Health: 0/22       AC:  1    Str:  9    XL:     4   Next: 61%
Magic:  5/5        EV: 20    Int: 13    God:
Gold:   55         SH:  0    Dex: 15    Spells: 3/3 levels left
                                        Lives:  0   Deaths: 1

rFire    . . .     SeeInvis +     - Unarmed
rCold    . . .     Faith    .   (shield unavailable)
rNeg     . . .     Spirit   .   (armour unavailable)
rPois    +         Reflect  .   (helmet unavailable)
rElec    .         Harm     .   (cloak unavailable)
rCorr    .         Rampage  .   (gloves unavailable)
Will     .....                  (boots unavailable)
Stlth    +++.......             (no amulet)
HPRegen  0.07/turn              n - ring of poison resistance
MPRegen  0.09/turn              (no ring)

@: quick
A: very small, no armour, no weapons or thrown items, stealth, claws 1, fangs 3,
see invisible, speed 1, shaggy fur 1, sharp paws
a: no special abilities


You were on level 2 of the Dungeon.
You visited 1 branch of the dungeon, and saw 3 of its levels.

You collected 55 gold pieces.

Inventory:

Missiles
 d - 18 stones
Jewellery
 n - a ring of poison resistance (left paw)
Scrolls
 a - a scroll of teleportation
 c - 4 scrolls of identify {unknown}
 e - 2 scrolls of remove curse {unknown}
 g - a scroll of fog {unknown}
 h - a scroll of immolation {unknown}
 m - a scroll of enchant weapon {unknown}
Potions
 b - a potion of curing
 f - a potion of magic {unknown}
 i - a potion of lignification {unknown}
 j - a potion of brilliance {unknown}
 k - a potion of haste {unknown}
 l - 2 potions of berserk rage {unknown}
 o - a potion of attraction {unknown}


   Skills:
 - Level 4.0 Fighting
 + Level 4.9 Dodging
 - Level 4.0 Stealth
 + Level 3.6 Unarmed Combat
 - Level 1.1 Evocations


You had 3 spell levels left.
You didn't know any spells.
Your spell library contained the following spells:

 Spells                   Type           Power        Failure   Level
 Corona                   Hex            0%           30%         1
 Ensorcelled Hibernation  Hex/Ice        0%           43%         2
 Confusing Touch          Hex            0%           67%         3
 Dazzling Flash           Conj/Hex       0%           67%         3
 Tukima's Dance           Hex            0%           67%         3


Dungeon Overview and Level Annotations

Branches:
Dungeon (3/15)

Altars:
Nemelex Xobeh

Annotations:
D:3 Sigmund


Innate Abilities, Weirdness & Mutations

You cannot wear armour.
You are incapable of wielding weapons or throwing items.
Your paws allow you to move quietly. (Stealth)
You have sharp claws.
You have razor-sharp teeth.
You have supernaturally acute eyesight. (SInv)
You cover ground quickly.
You are covered in fur. (AC +1)
Your sharp claws are effective at attacking unaware monsters.


Message History

You closely miss the orc wizard. Your claw misses the orc wizard.
Your bite misses the orc wizard.
The orc wizard is moderately wounded.
The orc wizard closely misses you.
You scratch the orc wizard. You bite the orc wizard.
The orc wizard is heavily wounded.
The orc wizard hits you with a +0 dagger.
* * * LOW HITPOINT WARNING * * *
The orc wizard completely misses you.
You barely miss the orc wizard.
The orc wizard is heavily wounded.
The orc wizard misses you.
You scratch the orc wizard but do no damage.
Your bite misses the orc wizard.
The orc wizard is heavily wounded.
The orc wizard closely misses you. The orc wizard misses you.
You barely miss the orc wizard.
The orc wizard is heavily wounded.
The orc wizard hits you with a +0 dagger.
You die...

########.......##..###.###.##....
# #...#...#.#....## ##.####.
###########.....##.###.###..####.
##...^..............[.#.#.#......
##.#######..........##.#.#.#####.
.....# #.#...###..###.#........
.###.#####.###.###..# ##.########
.# #.....#.##..[##..# ###
.###.###......#o@[..# ...<.#
###.##...##..# ##.###
#.###..##..# #.# #.#
#..##..#############
#.#######.###.รท##...............
#..............###.#############
#########..........# #####..#####
#####..#


You could see an orc wizard (fast).

Vanquished Creatures
  An orc wizard (D:2)
  Jessica (D:2)
  2 adders (D:2)
  An ooze (D:1)
  An adder zombie (D:2)
  2 worms
  A dart slug (D:1)
  3 leopard geckos
  6 orcs
  4 giant cockroaches
  7 goblins
  7 hobgoblins
  8 kobolds
  2 quokkas (D:2)
  2 ball pythons
  A ball python skeleton (D:2)
  3 bats
  13 frilled lizards
  A quokka skeleton (D:2)
  8 rats
74 creatures vanquished.

Vanquished Creatures (others)
  6 plants (D:3)
  7 withered plants (D:2)
13 creatures vanquished.

Grand Total: 87 creatures vanquished

Notes
Turn   | Place    | Note
-------+----------+-------------------------------------------
     0 | D:1      | Descartes the Felid Wanderer began the quest for the Orb.
     0 | D:1      | Descartes set off with the following items: a scroll of
                  | teleportation, a potion of curing
     0 | D:1      | Reached XP level 1. HP: 11/11 MP: 2/2
   222 | D:1      | Reached XP level 2. HP: 15/15 MP: 3/3
  1379 | D:1      | Reached XP level 3. HP: 18/18 MP: 4/4
  2412 | D:2      | Reached XP level 4. HP: 21/22 MP: 5/5
  2464 | D:2      | Found a sparkling altar of Nemelex Xobeh.
  3182 | D:3      | Noticed Sigmund
  3309 | D:3      | Noticed Jessica
  3875 | D:2      | HP: 1/22 [orc wizard/puff of frost (6)]
  3880 | D:2      | Killed from afar by an orc wizard
  3881 | D:2      | Reached XP level 3. HP: -4/18 MP: 4/4
  3905 | D:2      | Reached XP level 4. HP: 16/22 MP: 5/5
  3907 | D:2      | Killed Jessica
  4228 | D:2      | Slain by an orc wizard

Illustrated notes

Levels and vault maps discovered:
D:1:      dpeg_cavernosity, layout_basic, minivault_27
D:2:      layout_loops_ring, nemelex_xobeh_ov_fountains_minmay, serial_undead,
          serial_undead_c, serial_undead_b, serial_undead_b, serial_undead_e
D:3:      layout_loops_ring, gammafunk_ghost_mausoleum, minivault_5,
          minmay_lizard_king, uniq_jessica, uniq_sigmund

Skill      XL: |  1  2  3  4 |
---------------+-------------+-----
Dodging        | 2 3 4 |  4.9
Unarmed Combat | 2 3 |  3.6
Fighting       | |  4.0
Stealth        | |  4.0
Evocations     | |  1.1

Action                   |  1- 3 |  4- 6 || total
-------------------------+-------+-------++-------
Melee: Unarmed           |   130 |   143 ||   273
       Bite              |     8 |    12 ||    20
       Punch             |     1 |       ||     1
  Use: Potion            |     1 |       ||     1
 Stab: Sleeping          |    13 |     1 ||    14
       Distracted        |     1 |     2 ||     3
Armor: Skin              |     4 |     9 ||    13
Dodge: Dodged            |    82 |   136 ||   218
